Match 29339327
Unlisted

Match 29339327
End
Construct Barracks
Riflemen Squad
Riflemen Squad
Riflemen Squad
Grenade Package
Selects Advanced Infantry Battlegroup
Selects Convert to Ranger Squad
Convert to Ranger Squad
Infantry Support Center
Riflemen Squad
Scout Squad
Selects Artillery Observers
M1918 Browning Automatic Rifles
Selects Designate Assault Position
Construct Medical Station
Convert to Ranger Squad
Advanced Logistics
Convert to Ranger Squad
Selects Infantry Assault
Survival Training
Convert to Ranger Squad
Construct Weapon Support Center
Munitions Surplus
Demolitions Package
Improved M9 Bazooka Rockets
Selects M2A1 105mm Howitzer Emplacement
Bazooka Squad
Bazooka Squad
Infantry Assault
Riflemen Squad
Riflemen Squad
Convert to Ranger Squad
Selects Free Fire Drills
Engineer Squad
Convert to Ranger Squad
김치워리어
Nukepapa
zrunchao
高磊
0
0

Comments sign in to comment!

No comments posted yet!